 Dungeon Crawl Stone Soup version 0.31-a0-319-g4fced400ed (webtiles) character file.

Game seed: 9044717855649545866

8768 olmar the Grappler (level 11, 0/99 HPs)
             Began as a Troll Shapeshifter on July 17, 2023.
             Was an Initiate of Gozag.
             Slain by a sixfirhy (12 damage)
             ... in a Gauntlet.
             The game lasted 00:12:20 (7753 turns).

olmar the Grappler (Troll Shapeshifter)             Turns: 7753, Time: 00:12:20

Health: 0/99       AC:  8    Str: 34    XL:     11   Next: 14%
Magic:  10/10      EV: 11    Int:  4    God:    Gozag
Gold:   864        SH:  5    Dex:  8    Spells: 10/10 levels left

rFire   . .          .
                       - Unarmed
rCold   + . .        (shield currently unavailable)
rNeg    . . .        a - melded +1 animal skin
rPois   .            (helmet currently unavailable)
rElec   .            (cloak currently unavailable)
rCorr   .            (gloves unavailable)
SInv    .            (boots unavailable)
Will    .....        h - amulet "Jiduteed" {Reflect rC+ Regen+ SH+5}
Stlth   +            (no ring)
HPRegen 1.96/turn    (no ring)
MPRegen 0.12/turn

%: no teleportation, reflection, clarity
@: mighty, snake-form
A: constrict, reduced hp, large, unfitting armour, (claws 3), regeneration 1,
(shaggy fur 1), (tough skin 1), clarity, clumsy 1, mutation resistance 1
a: Begin Untransformation, Renounce Religion, Potion Petition, Call Merchant,
Bribe Branch


You were in a Gauntlet.
You worshipped Gozag.
Gozag was pleased with you.
You were an enormous anaconda.
You visited 2 branches of the dungeon, and saw 13 of its levels.
You also visited: Gauntlet.

You collected 1615 gold pieces.
You spent 655 gold pieces at shops.
You paid 96 gold pieces to Gozag.

Inventory:

Missiles
 B - 2 poisoned darts (quivered)
 F - a curare-tipped dart
 M - 5 boomerangs of dispersal
Armour
 a - a +1 animal skin (melded)
 f - a +2 hat of see invisible
Jewellery
 h - the amulet "Jiduteed" (around neck) {Reflect rC+ Regen+ SH+5}
   (You found it in a Gauntlet)

   [amulet of reflection]

   It reflects blocked missile attacks.
   rC:        It protects you from cold.
   Regen:     It increases your rate of health regeneration.
   SH:        It affects your SH (+5).
 k - the amulet of the Air {Inacc Air Fly rElec RMsl}
   (You found it on level 2 of the Dungeon)

   [amulet of nothing]

   Inacc:     It reduces the accuracy of your attacks and spells.
   Air:       It enhances your air magic.
   rElec:     It insulates you from electricity.
   Fly:       It grants you flight.
   RMsl:      It protects you from missiles.
 H - a ring of wizardry
Talismans
 c - a beast talisman
 G - a serpent talisman
Wands
 E - a wand of digging (3)
 I - a wand of flame (12)
 J - a wand of iceblast (7)
Scrolls
 d - a scroll of fog
 g - 4 scrolls of enchant armour
 l - a scroll of fear
 m - 2 scrolls of silence
 n - 4 scrolls of teleportation
 s - 2 scrolls of poison
 t - 2 scrolls of vulnerability
 u - a scroll of immolation
 v - a scroll of acquirement {unknown}
 x - a scroll of brand weapon {unknown}
 y - 2 scrolls of enchant weapon
 A - a scroll of blinking {unknown}
Potions
 b - 2 potions of lignification
 e - 3 potions of enlightenment
 i - a potion of brilliance
 j - a potion of attraction
 p - 3 potions of cancellation
 z - a potion of degeneration
 C - a potion of berserk rage


   Skills:
 + Level 4.2 Fighting
 + Level 6.5 Dodging
 - Level 0.1 Stealth
 + Level 12.8 Unarmed Combat
 + Level 7.2 Shapeshifting


You had 10 spell levels left.
You didn't know any spells.
Your spell library contained the following spells:

 Spells                   Type           Power      Damage    Failure   Level
 Stone Arrow              Conj/Erth      0%         3d7       86%         3
 Volatile Blastmotes      Fire/Tloc      0%         2d10      86%         3
 Animate Armour           Summ/Erth      0%         N/A       99%         4
 Fulminant Prism          Conj/Hex       0%         3d5       99%         4
 Iskenderun's Mystic Bla  Conj/Tloc      0%         2d3       99%         4
 Lehudib's Crystal Spear  Conj/Erth      0%         10d2      100%        8


Dungeon Overview and Level Annotations

Branches:
Dungeon (13/15)            Temple (1/1) D:4             Orc (0/2) D:12
Gauntlet (1/1)
   Lair: D:8-11      Vaults: D:13-14

Altars:
Cheibriados
Dithmenos
Elyvilon
Fedhas
Gozag
Hepliaklqana
Kikubaaqudgha
Makhleb
Nemelex Xobeh
Okawaru
Qazlal
Ru
Sif Muna
Trog
Uskayaw
Vehumet
Wu Jian
Xom
Yredelemnul
Zin
The Shining One

Shops:
D:6 [   D:8 *   D:13 [

Annotations:
D:8 Psyche Gauntlet 9 transporters


Innate Abilities, Weirdness & Mutations

You are an enormous anaconda.
You have a powerful constriction melee attack.
Your maximum health is decreased, since you lack skill for your form.
Your armour is entirely melded.
You are incapable of wielding weapons or throwing items.
You are too large for most types of armour.
((You have claws for hands.))
Your natural rate of healing is unusually fast.
((You are covered in fur. (AC +1)))
((You have tough skin. (AC +1)))
You possess an exceptional clarity of mind.
You are clumsy. (Dex -2)
You are somewhat resistant to further mutation.


Message History

There is a transporter here.
You feel very mighty all of a sudden.
You enter the transporter and appear at another place.
The sixfirhy hits you but does no damage.
The sixfirhy hits you! The sixfirhy shocks you!
Unknown command.
You body-slam the sixfirhy!!
Your grab misses the sixfirhy.
The sixfirhy is severely wounded.
You block the sixfirhy's attack. The sixfirhy hits you.
The sixfirhy shocks you! The sixfirhy barely misses you. The sixfirhy hits you!
The sixfirhy shocks you!
The sixfirhy hits you but does no damage.
The sixfirhy hits you. The sixfirhy shocks you! The sixfirhy barely misses you.
You closely miss the sixfirhy. You grab the sixfirhy.
The sixfirhy is severely wounded.
You constrict the sixfirhy.
The sixfirhy escapes!
The sixfirhy hits you.
* * * LOW HITPOINT WARNING * * *
The sixfirhy shocks you!
* * * LOW HITPOINT WARNING * * *
The sixfirhy hits you but does no damage.
You block the sixfirhy's attack.
The sixfirhy hits you but does no damage.
You feel much better. The sixfirhy closely misses you.
You block the sixfirhy's attack. The sixfirhy hits you.
The sixfirhy shocks you! The sixfirhy closely misses you.
As you read the scroll of fear, it crumbles to dust.
You assume a fearsome visage.
The sixfirhy looks frightened! x2
The sixfirhy resists with some effort. x2
Unknown command.
You miss the sixfirhy. Your grab misses the sixfirhy.
The sixfirhy is severely wounded.
The sixfirhy hits you.
* * * LOW HITPOINT WARNING * * *
The sixfirhy shocks you!
* * * LOW HITPOINT WARNING * * *
Cornered, the sixfirhy turns to fight!
The sixfirhy hits you.
* * * LOW HITPOINT WARNING * * *
The sixfirhy shocks you!
You die...
Your body crumbles into a pile of gold.

........§§#§#########≈#..........
...8.........................8...
..........8.....8.....8..........
#########...............#########
.$?©.[..#...#########...#...$©"!.
#.....#.#...#..[©)!.#...#...#.#..
##...##.#...#...8...#...#....#...
^#####^.#...#8.8.8.8#...#.#..#..#
...©....#.8.##83S38##.8.#.#######
.##.##..#...#8.838.8#...#.#.©#..#
##...##.#...#...8...#...#....#...
#.....#^#...#..8#8.3#...#...###..
2.......#...#########...#.h......
#########.....#.©.#.....#########
.#.©.#........#...#........#.©.#.
.#.8.#...8....#.©.#....8...#.8.#.
.#.©.#.....###########.....#.©.#.


You could see 4 sixfirhies.

Vanquished Creatures
  Gastronok (D:8)
  A hydra (Gauntlet)
  A two-headed ogre (D:8)
  A deep elf pyromancer (D:13)
  A torpor snail (Gauntlet)
  A kobold demonologist (D:13)
  A tengu conjurer (D:8)
  Sigmund (D:3)
  A shadow (D:10)
  3 wraiths
  9 yaks
  A vampire (D:9)
  3 water moccasins
  An ice beast (D:7)
  A black bear (D:6)
  2 orc warriors
  A sky beast (D:7)
  A centaur (D:9)
  A phantom (D:5)
  2 kobold brigands
  A bullfrog (D:9)
  4 wights (D:7)
  21 killer bees
  3 howler monkeys (D:10)
  A crimson imp (D:4)
  A gnoll bouda (D:6)
  5 hounds
  An orc priest (D:7)
  Jessica (D:2)
  3 orc wizards
  A sleepcap (D:5)
  17 gnolls
  10 adders
  A shadow imp (D:6)
  2 white imps
  An ufetubus (D:5)
  A worm (D:2)
  5 dart slugs
  9 orcs
  4 bats
  5 endoplasms
  4 giant cockroaches
  8 goblins
  14 hobgoblins
  A quokka (D:4)
  4 ball pythons
  5 frilled lizards
  3 goblin zombies (D:4)
  A hobgoblin zombie (D:4)
  18 kobolds
  A kobold zombie (D:4)
  2 orc skeletons (D:4)
  An orc zombie (D:4)
  9 rats
202 creatures vanquished.

Notes
Turn   | Place    | Note
-------+----------+-------------------------------------------
     0 | D:1      | olmar the Troll Shapeshifter began the quest for the Orb.
     0 | D:1      | Reached XP level 1. HP: 19/19 MP: 0/0
    67 | D:1      | Reached XP level 2. HP: 27/27 MP: 1/1
   701 | D:2      | Reached XP level 3. HP: 32/33 MP: 2/2
   811 | D:2      | Found the amulet of the Air {Inacc Air Fly rElec RMsl}
  1040 | D:2      | Reached XP level 4. HP: 42/42 MP: 3/3
  1066 | D:2      | Noticed Jessica
  1076 | D:2      | Killed Jessica
  1077 | D:2      | Reached skill level 3 in Unarmed Combat
  1468 | D:3      | Reached XP level 5. HP: 44/49 MP: 4/4
  1595 | D:3      | Noticed a water moccasin
  1600 | D:3      | Killed a water moccasin
  1601 | D:3      | Reached skill level 4 in Unarmed Combat
  1671 | D:3      | Reached XP level 6. HP: 57/57 MP: 5/5
  1765 | D:3      | Noticed Sigmund
  1784 | D:3      | Killed Sigmund
  1795 | D:3      | Reached skill level 5 in Unarmed Combat
  1982 | D:3      | Found a faded altar of an unknown god.
  2082 | D:4      | Found a white marble altar of Elyvilon.
  2257 | D:4      | Found a staircase to the Ecumenical Temple.
  2281 | Temple   | Entered the Ecumenical Temple
  2295 | Temple   | Became a worshipper of Gozag Ym Sagoz the Greedy
  2307 | D:4      | Reached XP level 7. HP: 58/65 MP: 6/6
  2456 | D:4      | Found a sacrificial altar of Ru.
  2482 | D:4      | Found a bloodstained altar of Trog.
  2675 | D:4      | Found a glowing golden altar of the Shining One.
  2815 | D:4      | Found an ornate altar of the Wu Jian Council.
  2871 | D:5      | Entered Level 5 of the Dungeon
  3004 | D:5      | Found an ancient bone altar of Kikubaaqudgha.
  3029 | D:5      | Reached skill level 6 in Unarmed Combat
  3031 | D:5      | Reached skill level 5 in Shapeshifting
  3181 | D:5      | Found a snail-covered altar of Cheibriados.
  3313 | D:5      | Found a sparkling altar of Nemelex Xobeh.
  3510 | D:6      | Found Zin's Purification Station.
  3513 | D:6      | Found a glowing silver altar of Zin.
  3577 | D:6      | Found a stormy altar of Qazlal.
  3651 | D:6      | Reached XP level 8. HP: 59/74 MP: 7/7
  3793 | D:6      | Found Olicyps's Armour Boutique.
  4163 | D:7      | Reached skill level 7 in Unarmed Combat
  4338 | D:7      | Noticed a +0 dagger
  4339 | D:7      | Noticed a +0 dagger
  4343 | D:7      | Found a hide-covered altar of Uskayaw.
  4626 | D:7      | Reached skill level 8 in Unarmed Combat
  4731 | D:8      | Found Qehuz's General Store.
  4949 | D:8      | Bought 2 potions of cancellation for 240 gold pieces
  4949 | D:8      | Bought a scroll of silence for 142 gold pieces
  4949 | D:8      | Bought a wand of polymorph (4) for 84 gold pieces
  4949 | D:8      | Bought a wand of digging (3) for 189 gold pieces
  4957 | D:8      | Reached XP level 9. HP: 81/81 MP: 8/8
  5003 | D:8      | Noticed Gastronok
  5005 | D:8      | Noticed a two-headed ogre
  5314 | D:8      | Killed Gastronok
  5315 | D:8      | Reached skill level 5 in Dodging
  5315 | D:8      | Reached skill level 9 in Unarmed Combat
  5361 | D:8      | Found a shimmering blue altar of Sif Muna.
  5417 | D:8      | Reached skill level 10 in Unarmed Combat
  5488 | D:8      | Noticed a tengu conjurer
  5496 | D:8      | Killed a tengu conjurer
  5496 | D:8      | Identified the +16 plate armour "Bemp" {rF+ rC- Dex+2}
  5626 | D:8      | Killed a two-headed ogre
  5627 | D:8      | Reached XP level 10. HP: 37/92 MP: 9/9
  5627 | D:8      | Noticed Psyche
  5890 | D:9      | Reached skill level 11 in Unarmed Combat
  6245 | D:9      | Found a basalt altar of Yredelemnul.
  6606 | D:9      | Reached skill level 12 in Unarmed Combat
  6675 | D:10     | Entered Level 10 of the Dungeon
  6706 | D:10     | Found a shadowy altar of Dithmenos.
  6792 | D:10     | You fall into a shaft and drop 3 floors!
  6956 | D:13     | Identified the +11 quarterstaff of the Vine {venom, rPois
                  | rN+ Int+2 Dex+2}
  6977 | D:13     | Noticed a deep elf pyromancer
  6987 | D:13     | Killed a deep elf pyromancer
  6988 | D:13     | Reached XP level 11. HP: 43/100 MP: 10/10
  7264 | D:13     | Found Buseuru's Antique Armour Shop.
  7264 | D:13     | Noticed a catoblepas
  7292 | D:12     | Found a staircase to the Orcish Mines.
  7339 | D:12     | Found a gate leading to a gauntlet.
  7352 | Gauntlet | Entered a Gauntlet
  7352 | Gauntlet | Found a transporter.
  7355 | Gauntlet | Found a transporter.
  7357 | Gauntlet | Found a transporter.
  7361 | Gauntlet | Found a transporter.
  7364 | Gauntlet | Noticed a sixfirhy
  7365 | Gauntlet | Noticed a sixfirhy
  7369 | Gauntlet | Found a transporter.
  7369 | Gauntlet | Found a transporter.
  7369 | Gauntlet | Noticed a sixfirhy
  7369 | Gauntlet | Noticed a sixfirhy
  7371 | Gauntlet | Found a transporter.
  7371 | Gauntlet | Found a transporter.
  7391 | Gauntlet | Found a transporter.
  7392 | Gauntlet | Noticed a blizzard demon
  7410 | Gauntlet | Found a transporter.
  7420 | Gauntlet | Found a transporter.
  7433 | Gauntlet | Noticed an eight-headed hydra
  7440 | Gauntlet | Found a transporter.
  7710 | Gauntlet | Gained mutation: You possess an exceptional clarity of
                  | mind. [potion of mutation]
  7710 | Gauntlet | Gained mutation: You are clumsy. (Dex -2) [potion of
                  | mutation]
  7710 | Gauntlet | Gained mutation: You are somewhat resistant to further
                  | mutation. [potion of mutation]
  7715 | Gauntlet | Killed an eight-headed hydra
  7730 | Gauntlet | Identified the amulet "Jiduteed" {Reflect rC+ Regen+ SH+5}
  7741 | Gauntlet | Identified the +7 chain mail of the Pink Corner {Will+
                  | Regen+ rCorr Int+5}
  7753 | Gauntlet | Slain by a sixfirhy

Illustrated notes

Levels and vault maps discovered:
D:1:      matt_arrival_los_fun, layout_loops_ring
D:2:      layout_rooms, st_stairs_4, lemuel_flame_loot_1, uniq_jessica
D:3:      layout_basic, shapermc_ecumenical_altar_hornbeckon, uniq_sigmund
D:4:      layout_loops_ring, nicolae_tso_besieged_by_evil,
          general_overflow_altar, nzn_wu_jian_council_hall, elyvilon_altar_1,
          trog_hazing_becter, minmay_temple_entry_glass, serial_park_tiny_pond
D:5:      layout_cave_pools, mainiacjoe_overflow_alcove_2, chei_slow_surprise,
          nemelex_spade_bored_becter
D:6:      layout_rooms, nicolae_qazlal_general_emergency, zin_purify,
          serial_shops, shop
D:7:      layout_rooms, dancing_weapons_uskayaw
D:8:      layout_basic, tgw_sif, serial_shops, shop, minmay_small_thing,
          uniq_psyche, uniq_gastronok
D:9:      layout_basic, mainiacjoe_overflow_paths
D:10:     layout_stronghold, grunt_dithmenos_shadows,
          mainiacjoe_overflow_boulevard, lair_entry_dummy
D:12:     layout_layer_cave, orc_0_dummy, gauntlet_entry_generic
D:13:     layout_loops_ring, dk_noncrumbling_2, nicolae_wooded_promenade
Temple:   nicolae_temple_great_sept
Gauntlet: minmay_gauntlet_mixed_oops_all_seconds
          [minmay_gauntlet_arena_77_double_cross,
          gammafunk_gauntlet_arena_split_diamond,
          minmay_gauntlet_arena_77_radiant_squares,
          nicolae_gauntlet_arena_t_cross,
          minmay_gauntlet_arena_77_terracotta_army,
          gammafunk_gauntlet_arena_split_x, gauntlet_exit_green]

Skill      XL: |  1  2  3  4  5  6  7  8  9 10 |
---------------+-------------------------------+-----
Unarmed Combat | 3 4 5 6 8 10 12 | 12.8
Shapeshifting  | 4 5 6 7 |  7.2
Dodging        | 2 3 4 5 6 |  6.5
Fighting       | 2 3 4 |  4.2
Stealth        | |  0.1

Action                     |  1- 3 |  4- 6 |  7- 9 | 10-12 || total
---------------------------+-------+-------+-------+-------++-------
  Melee: Unarmed           |    64 |    84 |   264 |   124 ||   536
         Punch             |     1 |       |     7 |    11 ||    19
         Constrict         |       |       |     3 |     2 ||     5
  Throw: Dart              |       |       |     2 |     2 ||     4
  Evoke: Wand              |       |       |       |     5 ||     5
    Use: Scroll            |       |     2 |     4 |    10 ||    16
         Potion            |       |       |     9 |     8 ||    17
 Armour: Animal skin       |    21 |    33 |    60 |    21 ||   135
         Skin              |       |       |    60 |    18 ||    78
  Dodge: Dodged            |    25 |    45 |   126 |    60 ||   256
  Block: Other             |       |       |       |     3 ||     3
   Form: Anaconda          |       |       |     1 |     1 ||     2
         Beast             |       |       |     1 |       ||     1

Table legend: (Time is in decaauts)
 A = Elapsed time spent in this place.
 B = Non-inter-level travel time spent in this place.
 C = Inter-level travel time spent in this place.
 D = Time resting spent in this place.
 E = Time spent auto-exploring this place.
 F = Levels seen in this place.
 G = Mean time per level.
                   A        B        C        D        E       F      G
               +--------+--------+--------+--------+--------+-----+--------+
         Total |   7705 |   7256 |    449 |    778 |   5061 |  14 |  550.4 |
       Dungeon |   7280 |   6840 |    440 |    627 |   4916 |  12 |  606.7 |
        Temple |     23 |     14 |      9 |      0 |      0 |   1 |   23.0 |
      Gauntlet |    402 |    402 |      0 |    151 |    145 |   1 |  402.0 |
               +--------+--------+--------+--------+--------+-----+--------+

Top non-repeatable levels by time:
     D:9: 877 daAuts
     D:4: 808 daAuts
     D:6: 770 daAuts
     D:7: 757 daAuts
     D:2: 742 daAuts
     D:8: 715 daAuts
     D:5: 650 daAuts
     D:1: 644 daAuts
     D:3: 641 daAuts
    D:13: 499 daAuts
Gauntlet: 402 daAuts
    D:10: 114 daAuts
    D:12: 58 daAuts
  Temple: 23 daAuts
